cohdb
Replays
Latest Replays
All Replays
Popular Replays
Top Player Replays
Match Explorer
How It Works
Community
CoH3 Stats
Reddit
Sign in to upload your games and track your stats! →
Sign in with Steam
Match 44244295
Unlisted
Match 44244295
Overview
Messages
Build Orders
End
Selects Luftwaffe Battlegroup
Selects Luftwaffe Pioneer Support
Fallschirmpioneer Squad Paradrop
Construct Infanterie Kompanie
MG 42 Machine Gun Team
Grenadier Squad
Grenadier Squad
Infanterie Officer Quarters
Selects Reconnaissance Run
Construct Luftwaffe Kompanie
Selects Fallschirmjäger Squad Paradrop
Jäger Squad
Support Elements
Wirbelwind Flakpanzer
Selects Fragmentation Bombs
Medical Bunker
Marder III M Tank Destroyer
Fallschirmjäger Squad Paradrop
Symbiosis
*Mule
Rei
Nicko
0
0
Comments
sign in to comment!
No comments posted yet!